Map: Overgrown Facility

Players

StillTippin - Winner!

  • Race: Zerg Zerg
  • Spawn Location: 7:00

Blodge - Winner!

  • Race: Terran Terran
  • League: Diamond
  • Spawn Location: 9:00

MonstroTown

  • Race: Terran Terran
  • Spawn Location: 3:00

Michael

  • Race: Zerg Zerg
  • League: Gold
  • Spawn Location: 1:00

VOD

Have the link to the VOD?

Description

Time

  • Played on: Sept. 28, 2018, 10:43 p.m.
  • Length: 20:49
Show
View Real Time Build Order
Export as new Build Order

StillTippin Zerg - Winner!

Build Orders: Pool First, Zergling Baneling 

Get SALT Encoding   

  12  0:06  Drone  
  13  0:15  Overlord  
  13  0:22  Drone  
  14  0:32  Extractor  
  13  0:36  Drone  
  14  0:49  Spawning Pool  
  13  0:57  Drone x3  
  16  1:26  Hatchery  
  15  1:37  Metabolic Boost  
  15  1:40  Zergling x2  
  15  1:42  Zergling x2  
  15  1:46  Zergling x2  
  18  1:57  Baneling Nest  
  17  2:03  Zergling x2  
  18  2:18  Drone x2  
  20  2:34  Queen  
  22  2:37  Overlord  
  22  2:42  Drone  
  22  2:43  Drone  
  24  3:01  Baneling  
  24  3:02  Baneling x6  
  24  3:12  Zergling x8  
  28  3:16  Drone  
  25  3:43  Zergling x10  
  25  3:46  Drone  
  31  4:00  Queen  
  33  4:05  Drone x3  
  33  4:08  Overlord  
  36  4:20  Baneling x8  
  36  4:41  Drone x6  
  41  4:57  Hatchery  
  40  5:01  Zergling x6  
  40  5:02  Zergling x2  
  44  5:10  Lair  
  44  5:13  Extractor  
  26  5:33  Zergling x12  
  28  5:57  Drone x3  
  28  5:58  Drone  
  32  6:15  Spore Crawler  
  32  6:17  Spore Crawler  
  30  6:21  Zergling x4  
  30  6:23  Zergling x2  
  33  6:32  Drone x2  
  35  6:37  Drone  
  36  6:42  Drone  
  36  6:44  Drone  
  38  6:50  Queen  
  40  6:56  Queen  
  40  6:59  Drone  
  40  7:00  Drone x2  
  45  7:02  Zergling x2  
  45  7:03  Zergling x2  
  47  7:15  Spore Crawler  
  46  7:17  Spore Crawler  
  46  7:21  Drone  
  46  7:22  Drone x2  
  48  7:24  Drone  
  49  7:33  Drone  
  49  7:35  Overlord  
  50  7:43  Hydralisk Den  
  49  8:11  Drone  
  49  8:12  Drone x8  
  58  8:20  Extractor x2  
  56  8:28  Centrifical Hooks  
  56  8:35  Evolution Chamber  
  56  8:38  Evolution Chamber  
  54  8:41  Drone x4  
  54  8:45  Overlord x2  
  58  9:02  Pneumatized Carapace  
  58  9:11  Grooved Spines  
  58  9:14  Zerg Missile Weapons Level 1  
  58  9:15  Zerg Ground Armor Level 1  
  58  9:16  Hydralisk x2  
  60  9:19  Hydralisk  
  60  9:22  Drone  
  65  9:25  Drone  
  66  9:33  Hydralisk x2  
  70  9:40  Drone  
  70  9:41  Drone x2  
  70  9:44  Drone  
  74  9:52  Overlord x2  
  74  10:09  Queen x3  
  80  10:17  Overseer  
  80  10:21  Hydralisk x2  
  80  10:26  Muscular Augments  
  84  10:51  Zergling x2  
  84  10:52  Zergling x10  
  84  10:54  Overlord  
  84  10:55  Overlord x4  
  90  11:14  Hatchery  
  90  11:15  Drone x2  
  90  11:16  Drone x4  
  90  11:18  Zergling x2  
  96  11:21  Baneling x3  
  96  11:22  Baneling  
  96  11:23  Baneling  
  96  11:24  Baneling  
  96  11:25  Baneling  
  96  11:26  Baneling  
  96  11:53  Hydralisk  
  96  11:54  Hydralisk x7  
  96  11:56  Zergling x2  
  88  12:21  Zergling x14  
  83  12:42  Zergling x16  
  85  12:51  Overseer  
  85  12:55  Overseer  
  86  13:05  Zergling x4  
  62  13:34  Zergling x2  
  62  13:35  Zergling x16  
  62  13:39  Drone x3  
  69  13:41  Drone  
  69  13:45  Queen  
  72  13:52  Zerg Ground Armor Level 2  
  72  13:53  Zerg Missile Weapons Level 2  
  72  14:00  Hydralisk x5  
  78  14:07  Baneling x12  
  78  14:08  Baneling  
  78  14:10  Zergling x6  
  81  14:18  Extractor, Drone x2  
  70  15:04  Zergling x10  
  70  15:05  Zergling x14  
  78  15:39  Zergling x2  
  78  15:40  Zergling x16  
  69  15:58  Zergling x6  
  72  16:09  Zerg Melee Weapons Level 1  
  72  16:19  Infestation Pit, Hydralisk x6  
  72  16:23  Baneling x9  
  72  16:24  Baneling x3  
  83  16:26  Zergling x6  
  86  16:35  Hydralisk  
  86  16:36  Hydralisk x4  
  82  17:09  Hydralisk  
  82  17:10  Hydralisk x11  
  105  17:34  Zergling x6  
  88  17:59  Hive  
  88  18:03  Zerg Melee Weapons Level 2  
  88  18:04  Spire  
  87  18:12  Zergling x14  
  94  18:13  Zergling x4  
  96  18:25  Zergling x14  
  96  18:26  Zergling x4  
  102  18:38  Baneling x6  
  102  18:41  Baneling x6  
  98  18:43  Baneling  
  98  18:44  Baneling x5  
  87  19:27  Zergling x2  
  87  19:29  Corruptor x6  
  87  19:30  Corruptor x3  
  101  19:41  Overlord x3  
  101  19:42  Overlord x2  
Show
View Real Time Build Order
Export as new Build Order

Blodge Terran - Winner!

Build Orders:  

Get SALT Encoding   

  12  0:01  SCV  
  13  0:14  SCV  
  14  0:18  Supply Depot  
  14  0:26  SCV  
  15  0:30  Refinery  
  15  0:39  SCV  
  16  0:48  Barracks  
  16  0:52  SCV  
  17  1:05  SCV  
  18  1:17  SCV  
  20  1:35  Reaper  
  20  1:37  Orbital Command  
  20  1:49  Command Center  
  20  2:03  SCV  
  20  2:08  Barracks Reactor  
  21  2:14  Supply Depot  
  21  2:16  SCV  
  22  2:26  Factory  
  22  2:27  Refinery  
  22  2:28  SCV  
  23  2:40  SCV  
  24  2:44  Marine x2  
  26  2:52  SCV  
  27  3:04  Orbital Command  
  26  3:06  SCV  
  26  3:10  Marine x2  
  29  3:15  Starport  
  29  3:17  Widow Mine  
  32  3:20  SCV  
  32  3:28  Marine  
  32  3:29  Marine  
  32  3:32  SCV  
  35  3:36  SCV  
  35  3:38  Widow Mine  
  38  3:44  SCV  
  38  3:46  Factory  
  38  3:48  SCV, Marine x2  
  40  3:52  Medivac  
  44  3:56  SCV  
  44  4:00  SCV  
  46  4:07  Supply Depot  
  46  4:15  SCV x2, Marine x2  
  46  4:16  Widow Mine  
  52  4:27  SCV x2  
  54  4:34  Marine x2, Factory Tech Lab  
  54  4:38  Starport Reactor, Factory Tech Lab  
  56  4:39  SCV  
  56  4:45  SCV  
  58  4:52  SCV  
  59  4:56  Siege Tank  
  62  5:00  Supply Depot  
  62  5:01  Supply Depot  
  62  5:02  Refinery  
  62  5:15  Command Center  
  62  5:21  Siege Tank, SCV x2, Marine x2  
  69  5:33  Siege Tank, SCV x2  
  69  5:34  Viking x2  
  77  5:45  SCV  
  73  6:17  SCV  
  73  6:18  SCV  
  75  6:20  Siege Tank  
  75  6:24  Siege Tank  
  77  6:33  SCV x2  
  77  6:35  Viking x2  
  83  6:41  Refinery, Orbital Command  
  83  6:45  SCV x2  
  85  6:50  Marine x2  
  87  6:57  SCV  
  88  7:02  SCV  
  88  7:07  Engineering Bay  
  89  7:08  Supply Depot  
  89  7:09  Supply Depot x2, SCV  
  89  7:14  SCV  
  91  7:16  Viking  
  93  7:27  Viking  
  93  7:28  Siege Tank, SCV x3  
  101  7:30  Siege Tank  
  101  7:35  Refinery  
  104  7:38  Refinery  
  104  7:40  SCV x2  
  106  7:46  Viking  
  106  7:48  SCV  
  109  7:57  Viking  
  109  7:58  SCV x2  
  113  8:05  SCV  
  114  8:10  SCV  
  114  8:11  Missile Turret  
  114  8:12  Missile Turret  
  115  8:15  Siege Tank x2, Missile Turret  
  115  8:16  Viking  
  115  8:18  Armory, Missile Turret  
  123  8:20  SCV x2  
  125  8:27  Supply Depot  
  125  8:28  Supply Depot x2  
  125  8:29  SCV  
  125  8:32  SCV x2  
  128  8:34  Missile Turret  
  128  8:39  Sensor Tower  
  128  8:41  SCV  
  128  8:44  Missile Turret, SCV  
  128  8:45  SCV  
  131  8:53  SCV  
  131  8:54  Factory  
  132  9:00  Command Center  
  132  9:01  SCV x2  
  134  9:05  SCV  
  134  9:09  Terran Vehicle Weapons Level 1  
  135  9:11  Thor x2  
  135  9:12  Armory  
  135  9:13  SCV x2  
  135  9:15  Command Center  
  149  9:18  SCV  
  149  9:22  Refinery  
  150  9:25  SCV x2  
  150  9:30  SCV  
  153  9:34  Viking  
  153  9:35  Viking  
  157  9:55  Hellion x2  
  161  10:02  Terran Vehicle And Ship Armor Level 1  
  161  10:05  Factory  
  161  10:06  SCV  
  163  10:07  SCV x2, Factory  
  163  10:13  Orbital Command  
  164  10:16  Hellion  
  164  10:19  SCV x3  
  169  10:22  Refinery, Missile Turret  
  169  10:29  Orbital Command  
  169  10:31  SCV x2  
  169  10:32  SCV  
  169  10:33  Refinery  
  172  10:36  Starport  
  172  10:38  Starport x2  
  172  10:40  Fusion Core  
  172  10:48  SCV x4  
  176  10:51  Supply Depot  
  176  10:53  Thor  
  176  10:54  Thor  
  176  10:56  Factory Reactor, Factory Tech Lab  
  188  10:58  Medivac x2  
  188  11:00  SCV  
  193  11:22  Thor  
  199  11:44  Starport Tech Lab  
  199  11:45  Fusion Core  
  199  11:47  Terran Ship Weapons Level 1  
  199  11:53  SCV  
  200  11:59  Refinery  
  157  12:44  Liberator x2  
  157  12:56  Hellion  
  157  12:57  Hellion x3  
  167  12:59  Thor x3  
  167  13:03  Advanced Ballistics, Battlecruiser  
  167  13:05  Weapon Refit  
  172  13:23  Cyclone  
  172  13:24  Hellion x3  
  175  13:27  Liberator x2  
  175  13:32  SCV  
  161  13:42  Hellion x3  
  161  13:43  Terran Vehicle And Ship Armor Level 2  
  161  13:44  Terran Vehicle Weapons Level 2  
  161  13:45  Hellion  
  161  13:46  Hellion x2  
  179  14:03  Thor x3  
  197  14:12  Hellion  
  195  14:27  SCV  
  188  14:34  Starport  
  188  14:36  Starport  
  188  14:37  Starport  
  172  15:15  Liberator x2  
  172  15:27  Hellion x4  
  174  15:29  Thor x3  
  174  15:30  Starport Tech Lab x3  
  160  16:06  Terran Vehicle And Ship Armor Level 3, Terran Vehicle Weapons Level 3  
  160  16:21  Hellion x4  
  160  16:22  Hellion x3  
  174  16:42  Hellion x3  
  178  16:48  SCV x3  
  178  16:49  SCV  
  182  16:55  Thor x2  
  182  16:56  Thor  
  194  17:29  Liberator x2  
  170  17:44  Battlecruiser x3  
  170  17:45  Battlecruiser  
  192  18:19  Thor  
  187  18:54  SCV  
  187  18:55  SCV x2  
  190  19:09  Orbital Command  
  178  19:57  Viking x5  
  178  19:58  Viking  
Show
View Real Time Build Order
Export as new Build Order

MonstroTown Terran 

Build Orders: Reaper Expand, MMM Bio 

Get SALT Encoding   

  12  0:01  SCV  
  13  0:13  SCV  
  14  0:18  Supply Depot  
  14  0:25  SCV  
  15  0:40  SCV  
  15  0:41  Barracks  
  16  0:46  Refinery  
  16  0:55  SCV  
  17  1:07  SCV  
  18  1:19  SCV  
  19  1:29  Reaper  
  19  1:31  Orbital Command  
  20  1:49  Command Center  
  20  1:59  SCV  
  21  2:03  Marine  
  22  2:11  SCV  
  22  2:13  Factory  
  22  2:23  Marine  
  23  2:30  Refinery  
  23  2:32  Supply Depot  
  23  2:54  Marine  
  24  3:03  Starport, Factory Tech Lab  
  24  3:12  SCV, Marine  
  26  3:13  Orbital Command  
  26  3:24  Siege Tank  
  26  3:26  SCV  
  30  3:34  Refinery  
  30  3:41  Medivac  
  32  3:46  Marine  
  33  3:50  SCV  
  34  4:02  SCV  
  35  4:18  Siege Tank  
  35  4:20  Barracks Tech Lab  
  38  4:24  Supply Depot  
  38  4:37  Engineering Bay  
  40  4:38  Viking  
  38  4:40  Stimpack, Marine  
  41  4:47  Supply Depot  
  41  4:58  Marine  
  42  5:07  Barracks x2  
  42  5:08  Barracks x2  
  42  5:10  Supply Depot  
  41  5:38  Marine  
  39  5:55  Marine  
  40  6:03  Barracks Tech Lab, Marine  
  41  6:04  Barracks Reactor x2  
  38  6:13  Terran Infantry Weapons Level 1, Marine  
  39  6:19  Missile Turret  
  39  6:21  Marine  
  40  6:29  Marine  
  40  6:31  Marine  
  40  6:34  Armory, Engineering Bay  
  40  6:37  SCV x2  
  40  6:39  Marine  
  43  6:45  Marine  
  43  6:46  Combat Shield  
  44  6:49  SCV  
  45  7:06  Command Center  
  45  7:13  Marine x3  
  45  7:14  Marauder  
  50  7:17  Barracks Tech Lab  
  50  7:28  Terran Ship Weapons Level 1  
  50  7:30  Starport Tech Lab  
  50  7:36  Starport, SCV x2  
  52  7:42  Refinery  
  52  7:44  Marine  
  52  7:45  Marine  
  52  7:46  Terran Infantry Armor Level 1  
  52  7:48  SCV x2  
  52  7:49  Marine x2  
  52  7:50  Marine  
  63  7:58  Marauder x2  
  63  8:00  SCV x2  
  63  8:02  Banshee  
  68  8:08  Marauder  
  68  8:11  Terran Infantry Weapons Level 2  
  70  8:18  Marine x2  
  70  8:19  Missile Turret  
  72  8:23  SCV x2  
  72  8:26  Orbital Command  
  74  8:31  Marine x2  
  76  8:35  Starport Reactor  
  76  8:36  Marine  
  76  8:37  Marine  
  78  8:53  Cloaking Field  
  78  8:54  SCV  
  78  8:55  SCV x2  
  81  8:59  Marine  
  81  9:00  Marauder x2, Refinery, Marine  
  87  9:14  Marine x2  
  87  9:15  Marauder  
  91  9:18  Supply Depot  
  91  9:20  Supply Depot  
  91  9:22  Marauder  
  93  9:40  Marine x2  
  93  9:41  Terran Infantry Armor Level 2  
  93  9:42  Marine  
  93  9:43  Marine x3  
  99  10:00  Medivac, Viking  
  99  10:02  Viking  
  105  10:07  Marine x4  
  105  10:11  Supply Depot  
  109  10:16  Supply Depot  
  109  10:17  Supply Depot  
  109  10:33  Marine x5, Medivac  
  116  10:39  Medivac  
  116  10:40  Raven  
  116  10:42  Marauder x2  
  124  10:51  Marauder, Marine x3  
  128  11:16  Marine  
  128  11:17  Marine x2  
  128  11:18  Marauder  
  133  11:36  Marauder x2  
  133  11:39  Marauder  
  121  11:53  Marine x4  
  123  11:57  Marauder, Banshee, Marine  
  123  12:00  Marauder  
  103  12:15  Marauder  
  82  12:40  Marine x5  
  73  12:48  Marine x2  
  73  12:50  Medivac x3  
  81  12:58  Marine x3  
  83  12:59  Marauder  
  83  13:00  Marine  
  87  13:06  Marauder, Marine  
  90  13:15  Marine  
  90  13:16  Marine  
  85  13:28  Marauder x3  
  81  13:39  Marine  
  81  13:40  Marine x2  
  84  13:49  Marauder x3  
  90  14:02  Command Center  
  90  14:17  Marine x4  
  90  14:18  Marauder x2  
  98  14:26  Marine  
  98  14:28  Viking x2  
  103  14:35  Marine x2  
  84  14:58  Marine x4  
  58  15:03  Marine x2  
  58  15:04  Medivac  
  58  15:05  Medivac x2  
  64  15:19  Missile Turret, Planetary Fortress  
  64  15:27  Marine x4  
  51  15:55  Marine x5  
  51  15:56  Marine x2  
  54  16:12  Marine  
  54  16:13  Marine x6  
  61  16:23  Viking x2  
  65  16:30  Marine x2  
  65  16:31  Marine x2  
  65  16:32  Marauder x2  
  51  16:55  Marine x2  
  51  16:56  Marine x5  
  51  16:58  Viking x3  
  54  17:13  Marine x4  
  54  17:14  Siege Tank, Marine  
  56  17:41  Marine  
  56  17:42  Marine x2  
  56  17:43  Marine x3  
  56  17:44  Marine  
  56  17:57  Concussive Shells  
  56  17:59  Marine  
  56  18:00  Marine x2, Medivac  
  56  18:01  Marine x2  
  54  18:16  Marine x2  
  54  18:17  Marine x2  
  54  18:18  Marine  
  54  18:19  Marine x2  
  56  18:29  Refinery  
  43  18:47  Marine x2  
  42  18:48  Marine  
  42  18:50  Marine  
Show
View Real Time Build Order
Export as new Build Order

Michael Zerg 

Build Orders: Hatch First, Swarm Host 

Get SALT Encoding   

  12  0:01  Drone  
  13  0:12  Overlord  
  13  0:18  Drone  
  14  0:31  Drone x2  
  14  0:34  Drone  
  17  0:45  Drone  
  18  0:58  Hatchery  
  18  1:01  Drone  
  18  1:08  Extractor  
  17  1:13  Drone  
  18  1:20  Spawning Pool  
  18  1:23  Drone  
  18  1:28  Drone  
  19  1:39  Drone  
  20  1:49  Overlord  
  20  2:07  Queen  
  22  2:09  Metabolic Boost  
  22  2:10  Queen  
  22  2:12  Zergling x2  
  22  2:13  Zergling x2  
  26  2:24  Spine Crawler  
  24  2:39  Drone x3  
  24  2:43  Zergling x2  
  28  2:49  Queen  
  30  2:52  Drone  
  30  2:53  Drone  
  31  3:08  Drone x2  
  31  3:12  Drone x2  
  35  3:20  Roach Warren  
  35  3:24  Lair  
  34  3:29  Overlord  
  24  3:43  Drone x3  
  27  3:53  Drone x3  
  27  3:55  Drone  
  31  3:56  Drone  
  31  3:59  Drone  
  31  4:02  Drone  
  34  4:15  Drone x3  
  37  4:23  Glial Reconstitution  
  37  4:28  Hydralisk Den  
  37  4:31  Spore Crawler, Drone x2  
  37  4:33  Roach  
  37  4:37  Overlord  
  39  4:42  Overlord  
  39  4:48  Queen  
  40  5:04  Overlord x2  
  40  5:08  Roach x4  
  40  5:11  Roach  
  51  5:14  Zergling x2  
  51  5:15  Zergling x2  
  43  5:33  Spore Crawler  
  43  5:34  Drone x4  
  43  5:35  Spore Crawler  
  45  5:37  Drone  
  45  5:40  Drone  
  47  5:58  Muscular Augments  
  45  6:06  Queen  
  45  6:07  Queen  
  45  6:09  Drone x2  
  45  6:10  Drone  
  46  6:25  Drone  
  46  6:26  Drone x4  
  46  6:27  Drone  
  46  6:30  Drone  
  53  6:40  Overlord  
  53  6:47  Evolution Chamber  
  53  6:48  Drone  
  53  6:50  Extractor, Evolution Chamber  
  53  6:51  Drone  
  53  6:53  Drone  
  53  6:56  Drone  
  53  6:58  Drone  
  55  7:16  Grooved Spines  
  55  7:17  Zerg Missile Weapons Level 1  
  55  7:20  Drone x3  
  58  7:37  Drone x2  
  58  7:38  Drone  
  58  7:39  Drone  
  58  7:42  Extractor  
  58  7:43  Extractor  
  60  7:48  Queen x2  
  60  7:49  Infestation Pit  
  63  8:07  Hydralisk x4  
  71  8:26  Burrow  
  71  8:33  Drone  
  71  8:34  Drone x2  
  74  8:35  Drone  
  75  8:49  Overlord x2  
  75  8:50  Overlord x2  
  75  9:01  Hatchery  
  74  9:15  Pneumatized Carapace  
  74  9:22  Zerg Missile Weapons Level 2  
  74  9:24  Zerg Ground Armor Level 1  
  74  9:42  Swarm Host  
  75  10:10  Drone  
  75  10:11  Drone x11  
  75  10:12  Spore Crawler  
  75  10:14  Queen  
  86  10:17  Spore Crawler  
  87  10:38  Drone  
  87  10:39  Drone x5  
  87  10:42  Extractor  
  92  10:43  Extractor  
  92  10:45  Drone  
  92  10:47  Drone  
  92  10:49  Drone  
  94  11:01  Hydralisk x2  
  98  11:07  Swarm Host  
  93  11:21  Drone  
  93  11:22  Drone x3  
  97  11:28  Spore Crawler  
  90  11:44  Drone  
  90  11:45  Drone x4  
  95  11:47  Drone  
  96  11:55  Spore Crawler  
  96  11:59  Hydralisk x3  
  96  12:00  Spore Crawler, Hydralisk x3  
  94  12:03  Spore Crawler  
  94  12:04  Drone x2, Roach x6  
  94  12:06  Spore Crawler  
  94  12:40  Roach x2  
  94  12:41  Overlord x2  
  94  12:42  Overlord x4  
  96  12:45  Overlord x3  
  68  13:40  Swarm Host  
  68  13:41  Swarm Host  
  71  13:42  Swarm Host  
  101  13:54  Queen  
  103  14:05  Hydralisk  
  103  14:06  Hydralisk x2  
  109  14:20  Hydralisk x3  
  106  14:29  Drone x6  
  111  14:36  Hydralisk x3  
  107  15:25  Hydralisk  
  107  15:26  Hydralisk x10  
  125  15:45  Queen x2  
  96  16:08  Swarm Host x2  
  107  16:21  Hydralisk x9  
  128  16:27  Queen x2  
  127  16:43  Hydralisk x9  
  86  17:54  Swarm Host  
  86  17:55  Swarm Host x3  
  104  17:59  Queen  
  104  18:05  Spawning Pool  
  77  18:52  Queen  
  79  19:12  Drone x3  
  82  19:41  Drone x4  
  86  20:09  Spine Crawler, Hatchery  
  86  20:11  Spine Crawler  
  83  20:16  Overlord x2  
  83  20:17  Overlord  
Tags
 
Add a new tag
Caveats
  • Supply blocks, unpowered buildings, or Contaminate may cause inaccurate times.
  • Supply counts are checked every 10 seconds.